 Dungeon Crawl Stone Soup version bcrawl-1.27.6 (webtiles) character file.

Game seed: 16028048884359113250

412854 Faustar the Fighter (level 12, -10/86 HPs)
             Began as a Gargoyle Fighter on Oct 9, 2020.
             Was a Priest of the Shining One.
             Mangled by a minotaur
             ... wielding a +2 short sword of venom
              (27 damage)
             ... in a Gauntlet.
             The game lasted 00:23:07 (10955 turns).

Faustar the Fighter (Gargoyle Fighter)             Turns: 10955, Time: 00:23:07

Health: -10/86     AC: 21    Str: 31    XL:     12   Next: 23%
Magic:  10/12      EV:  8    Int: 11    God:    the Shining One [***...]
Gold:   883        SH:  6    Dex:  9    Spells: 11/11 levels left

rFire    + . .     SeeInvis .   C - +6 flail (holy)
rCold    + + .     Gourm    .   (no shield)
rNeg     + + .     Faith    .   I - +1 chain mail of Heggigoc {Str+5}
rPois    ∞         Spirit   .   (no helmet)
rElec    +         Reflect  .   B - scarf {rC+ rF+}
rCorr    .         Harm     .   y - +0 pair of gloves {Str+3}
MR       .....     NoTele   +   K - +0 pair of boots
Stlth    ..........             (no amulet)
HPRegen  0.24/turn              f - ring of protection from cold
MPRegen  0.13/turn              (no ring)

@: divine shield, glowing
A: negative energy resistance 1, electricity resistance, unbreathing,
petrification resistance, rot immunity, AC +8
a: Divine Shield, Renounce Religion


You were in a Gauntlet.
You worshipped the Shining One.
The Shining One was most pleased with you.
You were very hungry.

You visited 3 branches of the dungeon, and saw 13 of its levels.
You also visited: Gauntlet.

You collected 883 gold pieces.

Inventory:

Hand Weapons
 h - a +0 whip of freezing
 C - a +6 flail of holy wrath (weapon)
Armour
 b - a +0 scale mail
 c - a +0 medium shield
 j - a +0 chain mail
 s - a +0 plate armour
 y - a +0 pair of gloves of strength (worn)
 B - a scarf of resistance (worn)
 F - a +2 cloak of invisibility
 I - the +1 chain mail of Heggigoc (worn) {Str+5}
   (You found it on level 8 of the Dungeon)

   It affects your strength (+5).
 K - a +0 pair of boots (worn)
Jewellery
 f - a ring of protection from cold (left hand)
 w - an uncursed ring of magical power
 P - the ring "Meisokif" {Ice Str+3}
   (You found it on level 10 of the Dungeon)

   [ring of ice]

   It enhances your ice magic.
   It affects your strength (+3).
   It makes you vulnerable to fire.
   It protects you from cold.
 T - the ring of Shadows {Umbra +Inv Stlth++}
   (You found it on level 10 of the Dungeon)

   [ring of stealth]

   It lets you turn invisible.
   It makes you much more stealthy.
 X - the ring "Jappot" {MR+ Slay+4, unknown}
   (You found it in a Gauntlet)

   [ring of protection from magic]

   It affects your accuracy and damage with ranged weapons and melee attacks
   (+4).
   It affects your resistance to hostile enchantments.
Wands
 x - a wand of iceblast (3)
 H - a wand of flame (63)
 J - a wand of acid (9)
 R - a wand of polymorph (9)
 V - a wand of enslavement (5)
Scrolls
 a - 3 scrolls of enchant armour {unknown}
 g - 2 scrolls of identify
 k - a scroll of noise {unknown}
 l - 9 scrolls of teleportation
 o - 2 scrolls of remove curse
 r - 2 scrolls of fog
 v - 2 scrolls of enchant weapon {unknown}
 D - 4 scrolls of fear
 E - a scroll of amnesia
 G - 2 scrolls of summoning
 N - a scroll of magic mapping
 Q - a scroll of blinking
Potions
 d - 2 potions of might
 i - a potion of ambrosia
 m - a potion of resistance
 n - 2 potions of mutation
 p - 3 potions of lignification
 q - 8 potions of curing
 t - a potion of haste
 u - 2 potions of degeneration
 z - 4 potions of magic
 A - a potion of agility
 L - a potion of cancellation
 O - 3 potions of heal wounds
Miscellaneous
 M - a lamp of fire (inert)
 S - a phial of floods
 U - a lightning rod (4/4)
Comestibles
 e - 20 rations {!d}
 W - a chunk of flesh


   Skills:
 - Level 14.6 Fighting
 - Level 13.5 Maces & Flails
 + Level 3.8 Armour
 - Level 3.2 Shields


You had 11 spell levels left.
You didn't know any spells.
Your spell library contained the following spells:

 Spells                   Type           Power        Failure   Level  Hunger
 Magic Dart               Conj           #...         86%         1    None
 Blink                    Tloc           N/A          94%         2    ####...
 Call Imp                 Summ           #.....       94%         2    ####...
 Conjure Flame            Conj/Fire      #.......     99%         3    #####..
 Mephitic Cloud           Conj/Pois/Air  #.......     99%         3    #####..
 Spider Form              Tmut/Pois      #..          99%         3    #####..


Dungeon Overview and Level Annotations

Branches:
Dungeon (10/12)            Temple (1/1) D:7            Lair (2/6) D:7
  Swamp: Lair:2-4    Shoals: Lair:2-4     Snake: Lair:2-4    Spider: Lair:2-4
    Orc: D:8-11

Altars:
Ashenzari
Cheibriados
Dithmenos
Elyvilon
Fedhas
Gozag
Hepliaklqana
Kikubaaqudgha
Lugonu
Makhleb
Nemelex Xobeh
Okawaru
Qazlal
Ru
Sif Muna
Trog
Uskayaw
Vehumet
Wu Jian
Xom
Yredelemnul
Zin
The Shining One

Shops:
D:10 !

Annotations:
D:4 3 runed translucent doors, zzzzzzzz's ghost, amateur NaSA Gauntlet 4 transporters


Innate Abilities, Weirdness & Mutations

You are resistant to torment.
Your stone body is resilient. (AC +8)
You are immune to poison.
You resist negative energy. (rN+)
You are resistant to electric shocks. (rElec)
You can survive without breathing.
You are immune to petrification.
You are immune to rotting.


Message History

Press: ? - help, Shift-Dir - straight line, f - minotaur
Aim: a minotaur, wielding a +2 short sword of venom, wearing a +0 plate armour and quivering 319 javelins (heavily wounded, haloed, chance to defeat MR: 1%)
Okay, then.
Unknown command.
Evoke which item? (* to show all) (? for menu, Esc to quit)
Aiming: Corrosive Bolt
Press: ? - help, Shift-Dir - straight line, f - minotaur
Aim: a minotaur, wielding a +2 short sword of venom, wearing a +0 plate armour and quivering 319 javelins (heavily wounded, haloed)
The bolt of acid hits the minotaur!
The minotaur is splashed with acid.
The minotaur is severely wounded.
The minotaur completely misses you. The minotaur barely misses you.
Evoke which item? (* to show all) (? for menu, Esc to quit)
Aim the lamp in which direction?
Press: ? - help, Dir - move target cursor, f/p - minotaur
Aim: a minotaur, wielding a +2 short sword of venom, wearing a +0 plate armour and quivering 319 javelins (severely wounded, haloed)
The flames dance!
The trail of fire hits the minotaur but does no damage.
The minotaur is severely wounded.
The minotaur hits you with a +2 short sword of venom!!
You die...

.#..#?#..#..#
####.©#..#©.#####
©#..#.#..#.......
.#..#[#..#..###.##
#.##..#..#.......
....JJ#..#..#.#..
#######..# .#.#.########
........8#..#...#8.8:8:8
........⌠#..###.@H§☼☼§§§
........8#..#...#8.8[8:8
#######..#..#.#.########
...#..#..#..#.#.....#
..#...#..#.........8#
..#...#..#..###.##.##
.#....#..#.........#
###..©#..#©.########
©#.##.#..#..#


You could see a minotaur.

Vanquished Creatures
  A hydra (Lair:2)
  Psyche (D:10)
  A cyclops (D:10)
  A wizard (Gauntlet)
  Pikel (D:5)
  An ugly thing (D:8)
  An elephant (D:7)
  A cane toad (Lair:1)
  A rime drake (Lair:2)
  2 trolls
  A dryad (D:7)
  A harpy zombie (D:8)
  A queen bee (Gauntlet)
  2 raiju (Gauntlet)
  A hornet (D:7)
  3 hippogriffs
  A wraith (D:9)
  5 yaks (D:9)
  3 wyverns
  Eustachio (D:5)
  3 hungry ghosts
  2 vampire mosquitoes (D:10)
  Edmund (D:6)
  A water moccasin (Lair:1)
  3 crocodiles
  2 porcupines (Lair:1)
  5 orc warriors
  An ice beast (D:8)
  2 phantoms
  A black bear (D:7)
  4 sky beasts
  2 slaves (D:6)
  2 ogres
  A necrophage (D:8)
  5 centaurs
  4 wolves (Lair:2)
  3 bullfrogs
  2 gnoll sergeants (D:6)
  A scorpion (D:5)
  14 killer bees
  A statue (D:7)
  3 wights (D:10)
  2 electric eels (Lair:1)
  A howler monkey (D:5)
  3 jellies
  5 crimson imps
  6 hounds
  2 centaur zombies
  4 centaur skeletons
  6 orc priests
  An iron imp (D:7)
  Crazy Yiuf (D:6)
  3 bullfrog skeletons
  4 iguanas
  5 orc wizards
  2 lightning spires (Gauntlet)
  9 worker ants
  3 hound skeletons
  3 worker ant zombies
  9 gnolls (D:6)
  14 adders
  A shadow imp (Gauntlet)
  2 white imps (Gauntlet)
  3 oozes
  3 adder skeletons
  A worm (D:4)
  A dart slug (D:1)
  4 leopard geckos
  32 orcs
  A giant cockroach (D:3)
  4 goblins
  8 hobgoblins
  6 jackals
  8 kobolds
  5 quokkas
  A ball python (D:3)
  A bat (D:2)
  4 frilled lizards
  3 rats
  A snaplasher vine (D:7)
265 creatures vanquished.

Notes
Turn   | Place    | Note
-------+----------+-------------------------------------------
     0 | D:1      | Faustar the Gargoyle Fighter began the quest for the Orb.
     0 | D:1      | Reached XP level 1. HP: 14/14 MP: 1/1
   201 | D:1      | Got a twitching silver amulet
   251 | D:1      | Reached XP level 2. HP: 19/19 MP: 2/2
   697 | D:2      | Reached XP level 3. HP: 17/24 MP: 3/3
   819 | D:2      | Found a basalt altar of Yredelemnul.
   822 | D:2      | Found a hazy altar of Hepliaklqana.
   822 | D:2      | Found an ancient bone altar of Kikubaaqudgha.
  1015 | D:2      | Found a blossoming altar of Fedhas.
  1040 | D:2      | Reached skill level 4 in Fighting
  1288 | D:3      | Reached XP level 4. HP: 27/29 MP: 4/4
  1462 | D:3      | Found a shadowy altar of Dithmenos.
  1616 | D:3      | Reached XP level 5. HP: 11/34 MP: 5/5
  2062 | D:3      | Reached skill level 5 in Fighting
  2282 | D:3      | Reached XP level 6. HP: 40/40 MP: 6/6
  2869 | D:4      | Reached skill level 5 in Maces & Flails
  3060 | D:4      | Found a runed translucent gate.
  3060 | D:4      | Found a runed translucent gate.
  3061 | D:4      | Found a runed translucent gate.
  3061 | D:4      | Noticed zzzzzzzz's ghost (amateur NaSA)
  3061 | D:4      | Identified the +3 dagger of Qokhle Deile {chaos, Int+2}
  3226 | D:4      | Found a shimmering altar of Xom.
  3349 | D:5      | Entered Level 5 of the Dungeon
  3409 | D:5      | Reached skill level 6 in Fighting
  3409 | D:5      | Reached XP level 7. HP: 42/46 MP: 7/7
  3543 | D:5      | Noticed Eustachio
  3552 | D:5      | Killed Eustachio
  3641 | D:5      | Identified the cursed amulet of Hepliaklqana's Esteem
                  | {Inacc Str+3} (You found it on level 1 of the Dungeon)
  3674 | D:5      | Reached skill level 7 in Fighting
  3700 | D:5      | Reached XP level 8. HP: 51/53 MP: 8/8
  4328 | D:6      | Noticed Pikel
  4370 | D:5      | Killed Pikel
  4370 | D:5      | Reached skill level 8 in Fighting
  4489 | D:6      | Reached skill level 9 in Fighting
  4489 | D:6      | Reached XP level 9. HP: 57/60 MP: 9/9
  4633 | D:6      | Noticed Edmund
  4652 | D:6      | Killed Edmund
  4922 | D:6      | Reached skill level 10 in Fighting
  5484 | D:6      | Found a runed door.
  5740 | D:6      | Noticed Crazy Yiuf
  5743 | D:6      | Killed Crazy Yiuf
  5934 | D:7      | Reached XP level 10. HP: 54/68 MP: 10/10
  5946 | D:7      | Reached skill level 10 in Maces & Flails
  6088 | D:7      | Reached skill level 11 in Fighting
  6156 | D:7      | Found a staircase to the Lair.
  6160 | D:7      | Noticed an elephant
  6171 | D:7      | Killed an elephant
  6256 | D:7      | Found a staircase to the Ecumenical Temple.
  6286 | Temple   | Entered the Ecumenical Temple
  6555 | Temple   | Became a worshipper of the Shining One
  6770 | D:7      | Found a burning altar of Makhleb.
  6873 | D:8      | Noticed a purple ugly thing
  6891 | D:8      | Killed a purple ugly thing
  7064 | D:8      | Reached skill level 12 in Fighting
  7238 | D:8      | Reached * piety under the Shining One
  7312 | D:8      | Got a masterwork chain mail
  7356 | D:8      | Reached XP level 11. HP: 62/76 MP: 11/11
  7485 | D:8      | Identified the +1 chain mail of Heggigoc {Str+5} (You found
                  | it on level 8 of the Dungeon)
  8236 | D:9      | Reached skill level 13 in Fighting
  8666 | D:10     | Entered Level 10 of the Dungeon
  8818 | D:10     | Got a fine marble ring
  8831 | D:10     | Reached ** piety under the Shining One
  8910 | D:10     | Noticed Psyche
  8954 | D:10     | Killed Psyche
  9202 | D:10     | Found Vial's Distillery.
  9341 | D:10     | Noticed a cyclops
  9349 | D:10     | Killed a cyclops
  9353 | D:10     | Identified the ring "Meisokif" {Ice Str+3} (You found it on
                  | level 10 of the Dungeon)
  9386 | D:10     | Found the ring of Shadows {Umbra +Inv Stlth++}
  9719 | Lair:1   | Entered Level 1 of the Lair of Beasts
  9743 | Lair:1   | Reached skill level 14 in Fighting
 10433 | Lair:2   | Noticed a five-headed hydra
 10448 | Lair:2   | Killed a five-headed hydra
 10448 | Lair:2   | Reached XP level 12. HP: 43/86 MP: 12/12
 10546 | Lair:2   | Found a gate leading to a gauntlet.
 10560 | Gauntlet | Entered a Gauntlet
 10560 | Gauntlet | Found a transporter.
 10560 | Gauntlet | Found a transporter.
 10560 | Gauntlet | Noticed a death yak
 10566 | Gauntlet | Noticed a death yak
 10569 | Gauntlet | Noticed a death yak
 10569 | Gauntlet | Noticed a death yak
 10577 | Gauntlet | Found a transporter.
 10581 | Gauntlet | Found a transporter.
 10591 | Gauntlet | Found a transporter.
 10601 | Gauntlet | Noticed a death ooze
 10612 | Gauntlet | Found a transporter.
 10628 | Gauntlet | Found a transporter.
 10645 | Gauntlet | Found a transporter.
 10664 | Gauntlet | Found a transporter.
 10687 | Gauntlet | Found a transporter.
 10823 | Gauntlet | Reached *** piety under the Shining One
 10907 | Gauntlet | Got a translucent glass ring
 10941 | Gauntlet | Noticed a minotaur
 10955 | Gauntlet | Mangled by a minotaur

Skill      XL: |  1  2  3  4  5  6  7  8  9 10 11 |
---------------+----------------------------------+-----
Maces & Flails | 3 4 5 6 8 9 11 13 | 13.5
Fighting       | 4 5 6 7 9 10 12 14 | 14.6
Armour         | |  3.8
Shields        | |  3.2

Action                   |  1- 3 |  4- 6 |  7- 9 | 10-12 || total
-------------------------+-------+-------+-------+-------++-------
Melee: Flail             |   100 |   213 |   276 |   404 ||   993
       Whip              |       |       |    87 |       ||    87
Invok: Divine Shield     |       |       |       |     1 ||     1
Evoke: Wand              |       |       |     8 |     1 ||     9
       Lamp of fire      |       |       |       |     1 ||     1
  Use: Scroll            |       |       |     1 |    18 ||    19
       Potion            |       |       |       |     3 ||     3
  Eat: Chunk             |     4 |    13 |    23 |    20 ||    60
       Ration            |       |       |       |     1 ||     1
Armor: Scale mail        |    11 |   115 |   144 |       ||   270
       Chain mail        |    81 |    39 |    91 |   291 ||   502
Dodge: Dodged            |    47 |   107 |   156 |   194 ||   504
Block: Other             |       |       |       |     2 ||     2
